 Dungeon Crawl Stone Soup version 0.17-a0-2122-g03d97ec (webtiles) character file.

272 Duffy the Chopper (level 6, -5/47 HPs)
             Began as a Formicid Berserker on Oct 21, 2015.
             Was a Priest of Trog.
             Slain by an ogre
             ... wielding a +0 giant club
              (11 damage)
             ... on level 4 of the Dungeon.
             The game lasted 00:04:50 (4752 turns).

Duffy the Chopper (Formicid Berserker)              Turns: 4752, Time: 00:04:50

Health: -5/47      AC: 10    Str: 22    XL:     6   Next: 48%
Magic:  6/6        EV:  8    Int:  6    God:    Trog [***...]
Gold:   176        SH:  0    Dex: 12    Spells: 0 memorised, 5 levels left

rFire  + . .     SeeInvis +     a - +0 hand axe
rCold  . . .     Clarity  .     d - +0 chain mail
rNeg   . . .     SustAt   .     (no shield)
rPois  .         Gourm    .     (helmet unavailable)
rElec  .         Spirit   .     q - +1 cloak
rCorr  .         Warding  .     (no gloves)
rMut   .         Stasis   +     (no boots)
MR     +....                    (no amulet)
Stlth  ..........               p - ring of protection from magic
                                j - ring of protection from fire

@: somewhat resistant to hostile enchantments, extremely unstealthy
A: permanent stasis, dig shafts and tunnels, four strong arms, antennae 3
a: Dig, Shaft Self, Trog's Hand, Burn Spellbooks, Renounce Religion


You were on level 4 of the Dungeon.
You worshipped Trog.
Trog was most pleased with you.
You were hungry.

You visited 1 branch of the dungeon, and saw 4 of its levels.

You collected 176 gold pieces.


Innate Abilities, Weirdness & Mutations

You are under a permanent stasis effect.
You can dig through walls and to a lower floor.
Your four strong arms can wield two-handed weapons with a shield.
You have a pair of large antennae on your head (SInv).


   Skills:
 - Level 3.2 Fighting
 + Level 6.8 Axes
 - Level 2.1 Armour
 - Level 1.7 Dodging


You had 5 spell levels left.
You didn't know any spells.

Inventory:

Hand Weapons
 a - a +0 hand axe (weapon)
 i - a +2 dagger of venom
Missiles
 m - 69 stones (quivered)
 n - 37 arrows
 v - 5 tomahawks
 B - 23 bolts
 C - 17 sling bullets
Armour
 b - a +0 animal skin
 d - a +0 chain mail (worn)
 q - a +1 cloak (worn)
Jewellery
 j - a ring of protection from fire (left hand)
 p - a ring of protection from magic (right hand)
 t - an uncursed ring of sustain attributes {unknown}
Wands
 l - a wand of digging (17)
 w - a wand of random effects (20)
Scrolls
 e - 2 scrolls of remove curse {unknown}
 f - a scroll of random uselessness {unknown}
 h - 2 scrolls of amnesia {unknown}
 o - 3 scrolls of identify {unknown}
 s - a scroll of enchant weapon {unknown}
 u - a scroll of teleportation {unknown}
 y - a scroll of noise {unknown}
 A - a scroll of enchant armour {unknown}
Potions
 g - a potion of agility {unknown}
 k - 5 potions of curing {unknown}
 r - a potion of cancellation {unknown}
 x - a potion of berserk rage {unknown}
Comestibles
 c - a bread ration
 z - a royal jelly

Dungeon Overview and Level Annotations

Branches:
Dungeon (4/15)
 Temple: D:4-7

Altars:
The Shining One


Message History

You sense a monster nearby.
Found 24 stones.
Found 22 arrows.
There is a stone staircase leading up here.
You climb upwards.
There is a stone staircase leading down here.
You climb downwards.
There is a stone staircase leading up here.
You now have 176 gold pieces (gained 14).
Found a cloak.
m - 69 stones (gained 24)
You sense a monster nearby.
n - 37 arrows (gained 22)
An ogre comes into view. It is wielding a giant club.
Your chain mail prevents you from hitting the ogre.
The ogre hits you with a giant club!
You barely miss the ogre. You hit the ogre.
The ogre is lightly wounded.
The ogre hits you with a giant club!
You are too injured to fight recklessly!
You are too injured to fight recklessly!
You are too injured to fight recklessly!
You closely miss the ogre.
The ogre is lightly wounded.
The ogre hits you with a giant club!
You hit the ogre but do no damage.
The ogre is lightly wounded.
You hit the ogre.
The ogre is lightly wounded.
The ogre hits you with a giant club!
You hit the ogre but do no damage.
The ogre is lightly wounded.
The ogre hits you with a giant club!
You die...

.......#.## ####.
#..#<###..### .[
#...##...##
###..###..### .
...........####...
########..........
#.#..###.. #.##..#
#.###@# #.# #O#
... #.# .#. #.# .
# #.# #.. ##. .


You could see an ogre.

Action                   |  1- 3 |  4- 6 || total
-------------------------+-------+-------++-------
Melee: Hand axe          |   146 |   210 ||   356
 Abil: Dig               |       |     1 ||     1
  Eat: Chunk             |     2 |    10 ||    12

Notes
Turn   | Place    | Note
--------------------------------------------------------------
     0 | D:1      | Duffy the Formicid Berserker began the quest for the Orb.
     0 | D:1      | Reached XP level 1. HP: 18/18 MP: 1/1
   127 | D:1      | Reached XP level 2. HP: 21/24 MP: 2/2
   410 | D:1      | Reached skill level 4 in Axes
   410 | D:1      | Reached XP level 3. HP: 29/29 MP: 3/3
   640 | D:1      | Reached ** piety under Trog
  1402 | D:2      | Noticed Robin
  1601 | D:2      | Reached XP level 4. HP: 32/35 MP: 4/4
  1942 | D:2      | Killed Robin
  2078 | D:2      | Reached skill level 5 in Axes
  2413 | D:2      | Reached XP level 5. HP: 41/41 MP: 5/5
  2572 | D:2      | Noticed Natasha
  2582 | D:2      | Killed Natasha
  2859 | D:2      | Noticed Natasha
  2862 | D:2      | Killed Natasha
  2925 | D:2      | Found a glowing golden altar of the Shining One.
  2953 | D:2      | Noticed Natasha
  2959 | D:2      | Killed Natasha
  3044 | D:2      | Reached *** piety under Trog
  3328 | D:2      | Reached skill level 6 in Axes
  4362 | D:4      | Noticed an ogre
  4386 | D:4      | Killed an ogre
  4386 | D:4      | Reached XP level 6. HP: 2/47 MP: 6/6
  4744 | D:4      | Noticed an ogre
  4752 | D:4      | Slain by an ogre

Vault maps used:
D:1:      dpeg_arrival_line_fractal
D:2:      tso_metal_star, uniq_robin, uniq_natasha
D:3:      minmay_misc_feat_square, minivault_11
D:4:      corexii_shack_village, minmay_temple_entry_hall, first_bread,
          xom_redecorated

Vanquished Creatures
  An ogre Natasha (thrice)
  Robin
  3 adders
  2 oozes
  2 worms
  5 giant geckos
  4 orcs
  8 bats
  6 giant cockroaches
  17 goblins
  12 hobgoblins
  3 jackals
  A ball python
  4 giant newts
  5 kobolds
  11 rats
88 creatures vanquished.
